 Dungeon Crawl Stone Soup version 0.31.0-4-g52a2dc7128 (console) character file.

Game seed: 10078042111911831310

67856 AlterAsc the Severer (level 15, -10/141 HPs)
             Began as a Hill Orc Fighter on Jan 23, 2024.
             Was an Elder of Qazlal.
             Mangled by a red ugly thing (14 damage)
             ... on level 1 of the Depths.
             The game lasted 01:01:10 (21550 turns).

AlterAsc the Severer (Hill Orc Fighter)            Turns: 21550, Time: 01:01:10

Health: -10/141    AC: 32    Str: 27    XL:     15   Next: 24%
Magic:  9/26       EV:  8    Int:  8    God:    Qazlal [****..]
Gold:   2422       SH:  5    Dex: 10    Spells: 14/14 levels left

rFire   . . .        C - +2 executioner's axe (heavy)
rCold   . . .        (shield currently unavailable)
rNeg    . . .        j - +1 plate armour {rPois}
rPois   +            q - +2 helmet
rElec   .            y - +2 cloak
rCorr   +            D - +2 pair of gloves
SInv    +            V - +3 pair of seven-league boots {Rampage+∞}
Will    +....        (no amulet) Stlth
                     p - ring of see invisible
HPRegen 0.43/turn    S - ring of resist corrosion
MPRegen 0.20/turn

%: repel missiles, rampage+∞
@: no status effects
A: no striking features
a: Renounce Religion, Upheaval, Elemental Force


You were on level 1 of the Depths.
You worshipped Qazlal.
Qazlal was greatly pleased with you.
You visited 5 branches of the dungeon, and saw 23 of its levels.
You also visited: Bailey.

You collected 2477 gold pieces.
You spent 55 gold pieces at shops.

Inventory:

Hand Weapons
 C - a +2 heavy executioner's axe (weapon)
 L - the +10 war axe of Sutuommeoth {freeze, rN+}
   (You found it on level 5 of the Dungeon)

   rN+:       It protects you from negative energy.
 X - a +1 battleaxe of flaming
Missiles
 h - 21 poisoned darts (quivered)
 s - 8 atropa-tipped darts
 z - 5 darts of dispersal
Armour
 c - a +0 buckler
 j - a +1 plate armour of poison resistance (worn)
 q - a +2 helmet (worn)
 y - a +2 cloak (worn)
 D - a +2 pair of gloves (worn)
 H - +0 fire dragon scales
 V - the +3 pair of seven-league boots (worn) {Rampage+∞}
   (You found it on level 3 of the Lair of Beasts)

   Rampage+∞: When moving toward enemies, its wearer moves as far as possible,
   alerting their target en route.
 Z - a +0 plate armour
Jewellery
 i - a ring of fire
 p - a ring of see invisible (left hand)
 u - an amulet of faith
 S - a ring of resist corrosion (right hand)
Talismans
 d - the maw talisman "Uckaot" {Fly rCorr Str+3}
   (You found it on level 9 of the Dungeon)

   [maw talisman]

   Str+3:     It affects your strength (+3).
   Fly:       It grants you flight.
   rCorr:     It protects you from acid and corrosion.
Wands
 v - a wand of paralysis (20)
 G - a wand of polymorph (16)
 N - a wand of flame (58)
 Q - a wand of roots (9)
 U - a wand of mindburst (29)
Scrolls
 e - 4 scrolls of vulnerability
 f - a scroll of silence
 g - a scroll of identify
 k - 3 scrolls of noise
 r - a scroll of blinking
 t - 4 scrolls of amnesia
 w - a scroll of butterflies
 x - a scroll of torment
 F - 8 scrolls of teleportation
 M - a scroll of fog {unknown}
 O - 4 scrolls of poison
 W - 2 scrolls of revelation
Potions
 a - 4 potions of resistance {unknown}
 b - a potion of attraction {unknown}
 l - 11 potions of curing
 m - 4 potions of haste {unknown}
 n - 5 potions of brilliance {unknown}
 o - a potion of ambrosia {unknown}
 B - 6 potions of invisibility
 E - 5 potions of degeneration {unknown}
 I - 3 potions of lignification {unknown}
 J - a potion of berserk rage {unknown}
 K - 4 potions of cancellation {unknown}
 P - a potion of enlightenment {unknown}
 R - 3 potions of mutation {unknown}
 T - 3 potions of magic {unknown}
 Y - 3 potions of might


   Skills:
 - Level 15.0 Fighting
 + Level 20.6 Axes
 + Level 13.9 Armour
 - Level 3.2 Shields
 * Level 15.9 Invocations


You had 14 spell levels left.
You didn't know any spells.
Your spell library contained the following spells:

 Spells                   Type           Power      Damage    Failure   Level
 Foxfire                  Conj/Fire      0%         2x1d4     96%         1
 Necrotise                Necr           0%         1d4       96%         1
 Sandblast                Erth           0%         2d4       96%         1
 Hailstorm                Conj/Ice       0%         3d5       100%        3
 Passwall                 Erth           0%         N/A       100%        3
 Stone Arrow              Conj/Erth      0%         3d7       100%        3
 Summon Ice Beast         Ice/Summ       0%         N/A       100%        3
 Vampiric Draining        Necr           0%         2d6       100%        3
 Brom's Barrelling Bould  Conj/Erth      0%         2d3       100%        4
 Martyr's Knell           Necr/Summ      0%         N/A       100%        4
 Summon Blazeheart Golem  Fire/Summ      0%         N/A       100%        4
 Curse of Agony           Necr           0%         N/A       100%        5
 Summon Forest            Summ/Tloc      0%         N/A       100%        5
 Summon Mana Viper        Hex/Summ       0%         N/A       100%        5
 Plasma Beam              Fire/Air       0%         2x1d10    100%        6
 Sculpt Simulacrum        Ice/Alch       0%         N/A       100%        6
 Starburst                Conj/Fire      0%         6d3       100%        6
 Summon Cactus Giant      Summ           0%         N/A       100%        6
 Orb of Destruction       Conj           0%         9d5       100%        7
 Spellforged Servitor     Conj/Summ      0%         N/A       100%        7


Dungeon Overview and Level Annotations

Branches:
Dungeon (15/15)            Temple (1/1) D:6            Lair (4/5) D:10
 Shoals (0/4) Lair:2        Snake (0/4) Lair:3        Slime (0/5) Lair:4
    Orc (2/2) D:9             Elf (0/3) Orc:2        Vaults (0/5) D:13
 Depths (1/4) D:15         Bailey (visited)

Altars:
Ashenzari
Cheibriados
Dithmenos
Elyvilon
Fedhas
Gozag
Hepliaklqana
Kikubaaqudgha
Makhleb
Nemelex Xobeh
Okawaru
Qazlal
Ru
Sif Muna
Trog
Uskayaw
Vehumet
Wu Jian
Xom
Yredelemnul
Zin
The Shining One
Jiyva

Shops:
D:2 ?   D:4 *   D:5 *!   Orc:2 [*:(

Annotations:
D:8 4 transporters
Orc:1 3 runed translucent doors, esran's ghost, journeyman TrFi


Message History

The red ugly thing is no longer encased in ice.
The stone giant is no longer encased in ice.
The red very ugly thing is engulfed in a thunderstorm.
You kill the red very ugly thing!
Qazlal accepts your kill.
The fire giant points at you and mumbles some strange words.
The bolt of fire hits you!
* * * LOW HITPOINT WARNING * * *
The stone giant hits you!
* * * LOW HITPOINT WARNING * * *
You feel much better.
The fire giant hits you but does no damage.
The stone giant hits you!!
* * * LOW HITPOINT WARNING * * *
Blink to where?
Press: ? - help, Dir - move target
Found 25 gold pieces.
As you read the scroll of blinking, it crumbles to dust.
You now have 2422 gold pieces (gained 25).
Press: ? - help, v - describe, . - travel
Here: a spriggan berserker, wielding a +1 antimagic hand axe and wearing a +0 animal skin (regenerating, strong-willed)
The floor.
Okay, then.
You feel much better.
You slice the spriggan berserker!!
The spriggan berserker is heavily wounded.
The spriggan berserker prays to Trog.
The spriggan berserker barely misses you.
You cut the spriggan berserker into ribbons!!!
You kill the spriggan berserker!
Qazlal accepts your kill.
The stone giant throws a large rock.
The large rock hits you!!
* * * LOW HITPOINT WARNING * * *
You feel much better.
The stone giant throws a large rock.
The large rock hits you!
* * * LOW HITPOINT WARNING * * *
An ettin comes into view.
It is wielding a +2 heavy dire flail and a +0 great mace.
The red ugly thing trunk-slaps you!
* * * LOW HITPOINT WARNING * * *
You are engulfed in flames!
You die...

......≈.......#
.............≈##
...>...≈u......#
.....≈.u..C.≈≈<#
..........i....#
........$.C...##
####...####.###
......C# #.##
.#..#.... #.C#
#. #.#..°##C# #
#. #..u@.# #.
#.#§..# #.
#..#....
#..#.#..# #.
#..#.# ## #.. .#
#.. .# #### #


You could see a fire giant, a stone giant, a red ugly thing and an ettin.

Vanquished Creatures
  Frances (D:14)
  3 very ugly things (Depths:1)
  An orc warlord (Orc:2)
  An ettin (Orc:1)
  2 fire dragons (D:15)
  An ice dragon (D:15)
  2 hydras
  4 centaur warriors
  4 two-headed ogres
  4 boulder beetles
  2 tengu warriors
  A spriggan berserker (Depths:1)
  2 orc high priests
  2 skysharks (Lair:2)
  A deep troll (D:13)
  2 orc sorcerers
  4 orc knights
  Maurice (D:8)
  A deep elf pyromancer (D:14)
  3 cyclopes
  13 ugly things
  A manticore (D:15)
  3 kobold blastminers (Orc:2)
  16 elephants
  A torpor snail (Lair:2)
  5 black mambas
  2 guardian serpents (Lair:3)
  3 meliai
  9 cane toads
  A gargoyle (D:6)
  Jeremiah (D:8)
  2 kobold demonologists (D:10)
  An unseen horror (D:10)
  7 komodo dragons
  3 rime drakes
  A freezing wraith (D:13)
  An efreet (D:12)
  4 tengu conjurers
  6 trolls
  2 hornets
  Grinder (D:5)
  3 dream sheep (Lair:2)
  4 slime creatures (D:13)
  A vampire (D:11)
  A wraith (D:9)
  Sigmund (D:2)
  3 shadows
  A fire elemental (D:14)
  5 wyverns
  2 basilisks (Lair:2)
  3 wargs
  34 yaks
  2 vampire mosquitoes (D:12)
  An acid dragon (D:9)
  18 water moccasins
  23 orc warriors
  5 ice beasts
  A sky beast (D:6)
  2 laughing skulls (D:15)
  3 ogres
  6 black bears
  17 wolves
  7 centaurs
  2 kobold brigands
  Blork the orc (D:4)
  9 bullfrogs
  4 scorpions
  5 wights
  10 killer bees (D:9)
  7 howler monkeys
  2 lava snakes (D:14)
  4 jellies
  4 hounds
  Crazy Yiuf (D:2)
  2 gnoll boudas
  11 orc priests
  An iguana (D:6)
  20 orc wizards
  Robin (D:2)
  11 gnolls
  7 adders
  A shadow imp (D:6)
  2 ufetubi (D:5)
  A dart slug (D:2)
  75 orcs
  2 bats
  12 endoplasms
  4 giant cockroaches
  11 goblins
  10 hobgoblins
  2 jackals (D:3)
  8 quokkas
  9 ball pythons
  6 frilled lizards
  21 kobolds
  6 rats
  5 butterflies
545 creatures vanquished.

Vanquished Creatures (others)
  An orc priest (Orc:2)
1 creature vanquished.

Grand Total: 546 creatures vanquished

Notes
Turn   | Place    | Note
-------+----------+-------------------------------------------
     0 | D:1      | AlterAsc the Hill Orc Fighter began the quest for the Orb.
     0 | D:1      | Reached XP level 1. HP: 19/19 MP: 1/1
    15 | D:1      | Reached skill level 3 in Axes
   161 | D:1      | Reached XP level 2. HP: 26/26 MP: 2/2
   216 | D:1      | Reached skill level 4 in Axes
   506 | D:1      | Reached XP level 3. HP: 28/31 MP: 3/3
   586 | D:1      | Found a faded altar of an unknown god.
   864 | D:2      | Found the sphere of Battle
   879 | D:2      | Noticed Robin
   883 | D:2      | Reached skill level 5 in Axes
   892 | D:2      | Killed Robin
   999 | D:2      | Found Mikhiu Onge's Magic Scroll Shoppe.
  1038 | D:2      | Reached XP level 4. HP: 39/39 MP: 4/4
  1901 | D:2      | Noticed Sigmund
  1914 | D:2      | Killed Sigmund
  1915 | D:2      | Reached skill level 8 in Axes
  1915 | D:2      | Reached XP level 5. HP: 6/45 MP: 5/5
  1915 | D:2      | Reached XP level 6. HP: 6/51 MP: 6/6
  2306 | D:2      | Found a runed translucent door.
  2307 | D:2      | Noticed Crazy Yiuf
  2314 | D:2      | Killed Crazy Yiuf
  2537 | D:3      | Identified the +1 pair of gloves of the Sky {Dex+3}
  3126 | D:4      | Reached skill level 9 in Axes
  3276 | D:4      | Noticed Blork the orc
  3289 | D:4      | Killed Blork the orc
  3290 | D:4      | Reached XP level 7. HP: 21/57 MP: 7/7
  3486 | D:4      | Found Fyep's Fabulous Fripperies.
  3614 | D:4      | Reached skill level 10 in Axes
  3859 | D:4      | Found a hazy altar of Hepliaklqana.
  3899 | D:5      | Entered Level 5 of the Dungeon
  4012 | D:5      | Reached skill level 11 in Axes
  4015 | D:5      | Noticed Grinder
  4029 | D:5      | Killed Grinder
  4030 | D:5      | Reached XP level 8. HP: 64/64 MP: 8/8
  4117 | D:5      | Reached skill level 12 in Axes
  4318 | D:5      | Identified the +10 war axe of Sutuommeoth {freeze, rN+}
  4441 | D:5      | Found Jiemoribi's Fire Supplies.
  4546 | D:5      | Found Negif's Distillery.
  4551 | D:5      | Reached skill level 13 in Axes
  4554 | D:5      | Bought a potion of heal wounds for 55 gold pieces
  4837 | D:6      | Noticed a gargoyle
  4894 | D:6      | Killed a gargoyle
  4895 | D:6      | Reached skill level 14 in Axes
  5088 | D:6      | Reached XP level 9. HP: 57/70 MP: 9/9
  5223 | D:6      | Reached skill level 15 in Axes
  5355 | D:6      | Found a shimmering altar of Xom.
  5379 | D:6      | Found a shadowy altar of Dithmenos.
  5606 | D:6      | Found a staircase to the Ecumenical Temple.
  5615 | Temple   | Entered the Ecumenical Temple
  5633 | Temple   | Became a worshipper of Qazlal Stormbringer
  6005 | D:6      | Reached skill level 16 in Axes
  6005 | D:6      | Reached skill level 1 in Invocations
  6082 | D:7      | Reached skill level 5 in Fighting
  6192 | D:7      | Found a snail-covered altar of Cheibriados.
  6197 | D:7      | Found an ornate altar of the Wu Jian Council.
  6209 | D:7      | Reached skill level 5 in Armour
  6209 | D:7      | Reached XP level 10. HP: 82/82 MP: 13/13
  6359 | D:7      | Found a sparkling altar of Nemelex Xobeh.
  6381 | D:7      | Reached skill level 5 in Invocations
  6734 | D:7      | Reached * piety under Qazlal
  7308 | D:8      | Noticed Jeremiah
  7317 | D:8      | Killed Jeremiah
  7353 | D:8      | Found a transporter.
  7353 | D:8      | Found a transporter.
  7355 | D:8      | Found a transporter.
  7384 | D:8      | Found a transporter.
  7558 | D:8      | Noticed Maurice
  7566 | D:8      | Killed Maurice
  7727 | D:8      | Noticed a two-headed ogre
  7730 | D:8      | Killed a two-headed ogre
  7861 | D:9      | Found a flagged portal.
  7912 | Bailey   | Entered a bailey
  8053 | Bailey   | Reached ** piety under Qazlal
  8395 | D:9      | Reached XP level 11. HP: 95/95 MP: 16/16
  8420 | D:9      | Identified the maw talisman "Uckaot" {Fly rCorr Str+3}
  8484 | D:9      | Noticed a two-headed ogre
  8497 | D:9      | Killed a two-headed ogre
  8621 | D:9      | Found a staircase to the Orcish Mines.
  8677 | D:9      | Reached *** piety under Qazlal
  8870 | D:9      | Found a white marble altar of Elyvilon.
  9066 | D:9      | Found a basalt altar of Yredelemnul.
  9216 | Orc:1    | Entered Level 1 of the Orcish Mines
  9263 | D:10     | Entered Level 10 of the Dungeon
  9292 | D:10     | Found an iron altar of Okawaru.
  9761 | D:10     | Found a staircase to the Lair.
  9826 | D:10     | Reached skill level 10 in Fighting
  9968 | D:10     | Reached skill level 17 in Axes
 10302 | D:11     | Noticed a cyclops
 10311 | D:11     | Killed a cyclops
 10400 | D:11     | Reached **** piety under Qazlal
 10790 | D:12     | Reached XP level 12. HP: 105/108 MP: 18/18
 11073 | D:12     | Noticed a boulder beetle
 11087 | D:12     | Killed a boulder beetle
 11182 | D:12     | Reached skill level 10 in Armour
 11436 | Lair:1   | Entered Level 1 of the Lair of Beasts
 11445 | Lair:1   | Noticed a boulder beetle
 11695 | Lair:1   | Killed a boulder beetle
 11889 | Lair:1   | Identified 2 scrolls of acquirement
 12039 | Lair:1   | Reached skill level 18 in Axes
 12679 | Lair:2   | Noticed a skyshark
 12685 | Lair:2   | Killed a skyshark
 12686 | Lair:2   | Reached skill level 10 in Invocations
 12767 | Lair:2   | Noticed a skyshark
 12775 | Lair:2   | Killed a skyshark
 12779 | Lair:2   | Reached XP level 13. HP: 93/118 MP: 20/20
 13112 | Lair:2   | Reached ***** piety under Qazlal
 13179 | Lair:2   | Found a staircase to the Shoals.
 13879 | Lair:3   | Reached skill level 19 in Axes
 14130 | Lair:3   | Found the +3 pair of seven-league boots {Rampage+∞}
 14459 | Lair:3   | Found a staircase to the Snake Pit.
 15097 | Lair:4   | Found a staircase to the Slime Pits.
 15098 | Lair:4   | Found a viscous altar of Jiyva.
 15863 | Orc:1    | Noticed an ettin
 15882 | Orc:1    | Killed an ettin
 16310 | Orc:1    | Found a runed translucent gate.
 16310 | Orc:1    | Found a runed translucent gate.
 16310 | Orc:1    | Found a runed translucent gate.
 16311 | Orc:1    | Noticed esran's ghost (journeyman TrFi)
 16473 | Orc:1    | Found a shimmering blue altar of Sif Muna.
 16604 | Orc:2    | Entered Level 2 of the Orcish Mines
 16604 | Orc:2    | Found Arogoix's Book Boutique.
 16609 | Orc:2    | Reached XP level 14. HP: 126/130 MP: 23/23
 16619 | Orc:2    | Noticed an orc warlord
 17177 | Orc:2    | Paralysed by an orc sorcerer for 4 turns
 17425 | Orc:2    | Killed an orc warlord
 17547 | Orc:2    | Found Qyovej Dump's Antique Weapon Emporium.
 17566 | Orc:2    | Found Qapilei's General Store.
 17705 | Orc:2    | Found Meorocanik's Antique Armour Shoppe.
 17852 | Orc:2    | Found a staircase to the Elven Halls.
 18078 | Orc:1    | You fall into a shaft and drop 1 floor!
 18688 | D:13     | Reached skill level 20 in Axes
 18911 | D:13     | Found a gate to the Vaults.
 18917 | D:13     | Identified the +8 flail "Ymner" {pain, *Rage Int+3 Dex+3}
 19878 | D:14     | Noticed Frances
 19894 | D:14     | Killed Frances
 20060 | D:14     | Reached skill level 15 in Invocations
 20419 | D:15     | Entered Level 15 of the Dungeon
 20420 | D:15     | Acquired 428 gold pieces
 20421 | D:15     | Acquired a +0 executioner's axe of venom
 20647 | D:15     | Reached XP level 15. HP: 102/139 MP: 26/26
 20780 | D:15     | Found a hide-covered altar of Uskayaw.
 21368 | D:15     | Reached skill level 15 in Fighting
 21453 | D:15     | Found a staircase to the Depths.
 21533 | Depths:1 | Entered Level 1 of the Depths
 21535 | Depths:1 | Noticed a fire giant
 21550 | Depths:1 | HP: 4/141 [red ugly thing (9)]
 21550 | Depths:1 | Mangled by a red ugly thing

Illustrated notes

Levels and vault maps discovered:
D:1:      dreamdust_arrival_sigmund_warning, layout_loops_cross,
          shapermc_ecumenical_altar_ellora, nrook_mini_backslash
D:2:      layout_basic, serial_shops, shop, grunt_decor_fettered,
          minmay_misc_feat_chi, kennysheep_generic_room_2,
          uniq_crazy_yiuf_cottage, uniq_robin, uniq_sigmund
D:3:      minmay_wonky_spiral, layout_loops_ring
D:4:      layout_rooms, worldfamousw_hep_ancestral_shrine,
          nicolae_alphabet_shops, uniq_blork_the_orc
D:5:      layout_loops_corners, serial_shops, nicolae_square_shop,
          nicolae_shop_fire_sale [nicolae_sub_dead_trees], uniq_grinder
D:6:      layout_gridville, grunt_dithmenos_smoke,
          mainiacjoe_overflow_six_doors_small,
          minmay_temple_entry_gardened_gates, amcnicky_mini_corridor_feature
D:7:      layout_layer_cave, mainiacjoe_overflow_alcove_1,
          grunt_temple_overflow_open, serial_library_hellmonk_semicircle,
          minmay_increasing_density
D:8:      layout_loops_ring, nicolae_diode_quadrants, uniq_maurice,
          uniq_jeremiah
D:9:      layout_basic, kennysheep_ying_yang, orc_0_dummy, enter_bailey_5,
          serial_bayou_crossing
D:10:     layout_stronghold, lemuel_tele_altar, due_lair_maze_entry_diamond,
          serial_rivers, chequers_serial_rivers_micro_d,
          chequers_serial_rivers_micro_b, chequers_serial_rivers_room_a,
          chequers_serial_rivers_micro_a
D:11:     layout_loops_ring
D:12:     layout_basic
D:13:     layout_basic, david_vaults_4
D:14:     layout_basic, gauntlet_entry_generic, minmay_misc_feat_secret_circle,
          uniq_frances
D:15:     grunt_enter_depths_hoard, layout_loops_ring,
          chequers_serial_rivers_small_3, eat_drink_and_be_merry_uskayaw
Temple:   hellmonk_temple_forest_ring
Lair:1:   layout_regular_city, infiniplex_staircase_pool, grunt_megastairs_3,
          serial_bayou_shore_b
Lair:2:   layout_long_grid, shoals_dummy_entry, grunt_megastairs_1,
          lemuel_fruit_fields, lemuel_fruit_fields
Lair:3:   layout_regular_city, minmay_snake_entry_spellcaster,
          hellmonk_guarded_unrand_seven_league_boots, lemuel_fruit_fields
Lair:4:   layout_long_grid, slime_entry_1, wad_woods_river_04, st_stairs_12
Orc:1:    layout_caves, ebering_ghost_rock_garden, kennysheep_orc_sif_temple
Orc:2:    grunt_orc_gardens, layout_caves, grunt_orc_garden, grunt_orc_garden,
          grunt_orc_garden, grunt_orc_garden
Depths:1: layout_cross, enter_ziggurat_c, hangedman_abyss_or_decor_stagger,
          lightli_too_deep, rand_demon_pan_entry_7, nicolae_rock_paper_scissors

Skill      XL: |  1  2  3  4  5  6  7  8  9 10 11 12 13 14 15 |
---------------+----------------------------------------------+-----
Axes           | 3 4 5 8 9 11 14 16 17 18 19 20 | 20.6
Invocations    | 4 7 8 10 12 15 | 15.9
Fighting       | 5 8 10 12 13 14 15 | 15.0
Armour         | 5 7 9 11 12 13 | 13.9
Shields        | |  3.2

Action                     |  1- 3 |  4- 6 |  7- 9 | 10-12 | 13-15 || total
---------------------------+-------+-------+-------+-------+-------++-------
  Melee: War axe           |   111 |   149 |   100 |   420 |   483 ||  1263
         Battleaxe         |       |       |    35 |       |       ||    35
         Executioner's axe |       |       |       |       |    45 ||    45
  Throw: Dart              |       |       |       |       |     4 ||     4
 Invoke: Upheaval          |       |       |       |     1 |     3 ||     4
         Disaster Area     |       |       |       |       |     4 ||     4
    Use: Potion            |       |     1 |       |       |     5 ||     6
         Scroll            |       |       |     1 |    12 |    10 ||    23
 Armour: Scale mail        |    80 |    26 |       |       |       ||   106
         Chain mail        |       |    61 |    96 |    77 |       ||   234
         Plate armour      |       |       |       |   204 |   463 ||   667
  Dodge: Dodged            |    42 |    50 |    48 |    97 |   105 ||   342
         Repelled          |       |       |       |     1 |     1 ||     2
  Block: Buckler           |    33 |    27 |     8 |   145 |   175 ||   388
         Other             |       |       |       |       |    19 ||    19
